 Dungeon Crawl Stone Soup version 0.30-a0-297-g0ec75d9ef4 (webtiles) character file.

Game seed: 2397336170343369583

25609 KennySheep the Transmogrifier (level 13, -11/198 HPs)
             Began as an Ogre Wanderer on Oct 18, 2022.
             Was a High Priest of Vehumet.
             Killed from afar by an efreet (25 damage)
             ... with a fireball
             ... on level 13 of the Dungeon.
             The game lasted 01:11:48 (14899 turns).

KennySheep the Transmogrifier (Ogre Wanderer)      Turns: 14899, Time: 01:11:48

Health: -11/198    AC: 16    Str: 18    XL:     13   Next: 20%
Magic:  31/35      EV: 12    Int: 17    God:    Vehumet [*****.]
Gold:   994        SH:  0    Dex: 15    Spells: 4/30 levels left

rFire   . . .      SeeInvis .      - Unarmed
rCold   . . .      Faith    .    (shield currently unavailable)
rNeg    . . .      Spirit   .    E - +3 steam dragon scales
rPois   +          Reflect  .    (helmet restricted)
rElec   .          Harm     .    q - +2 cloak {rPois}
rCorr   .          Rampage  .    (gloves unavailable)
Will    +....                    (boots unavailable)
Stlth   ..........               j - amulet of regeneration
HPRegen 1.33/turn                o - +4 ring of protection
MPRegen 0.24/turn                G - ring of Refer {MP+9 Dex+6}

@: berserking, blade hands, very quick
A: large, unfitting armour, tough skin 1
a: End Transformation, Renounce Religion


You were on level 13 of the Dungeon.
You worshipped Vehumet.
Vehumet was extremely pleased with you.
You had blades for hands.
You visited 2 branches of the dungeon, and saw 16 of its levels.

You collected 994 gold pieces.

Inventory:

Hand Weapons
 b - a +2 lajatang
 c - a +3 mace
 w - the +8 whip of Uskayaw's Approval {venom, Str+4 Stlth+}
   (You found it on level 8 of the Dungeon)

   It poisons the flesh of those it strikes.
   Str:       It affects your strength (+4).
   Stlth:     It makes you more stealthy.
 B - a +1 whip of venom
Armour
 q - a +2 cloak of poison resistance (worn)
 E - +3 steam dragon scales (worn)
 R - +0 acid dragon scales
Magical Staves
 a - a staff of cold (melded)
Jewellery
 j - an amulet of regeneration (around neck)
 n - a ring of fire
 o - a +4 ring of protection (left blade hand)
 p - a +6 ring of intelligence
 z - a ring of magical power
 A - a +4 ring of evasion
 C - a ring of protection from fire
 G - the ring of Refer (right blade hand) {MP+9 Dex+6}
   (You found it on level 6 of the Dungeon)

   [ring of dexterity]

   Dex:       It affects your dexterity (+6).
   MP:        It affects your magic capacity (+9).
 H - a +6 ring of strength
 I - a +4 ring of protection
 J - an amulet of the acrobat
 T - a ring of see invisible
Wands
 i - a wand of roots (22)
 x - a wand of digging (3)
 y - a wand of paralysis (12)
 M - a wand of flame (7)
 N - a wand of light (4)
 U - a wand of polymorph (6)
Scrolls
 e - 2 scrolls of fog
 k - 6 scrolls of teleportation
 l - a scroll of poison
 s - 4 scrolls of vulnerability
 D - 5 scrolls of noise
 K - a scroll of amnesia
 L - 2 scrolls of silence
 O - 3 scrolls of identify
 Q - 3 scrolls of immolation
 S - a scroll of summoning
 W - a scroll of magic mapping {unknown}
Potions
 d - a potion of might
 g - a potion of flight
 h - a potion of attraction
 r - 5 potions of curing
 t - a potion of haste
 u - 3 potions of lignification
 v - a potion of berserk rage
 F - 2 potions of brilliance
 P - 10 potions of degeneration
 V - a potion of mutation {unknown}


   Skills:
 - Level 9.7 Fighting
 - Level 1.1(3.6) Polearms
 - Level 5.5(5.6) Staves
 - Level 6.0 Dodging
 - Level 2.9 Stealth
 + Level 6.0 Unarmed Combat
 - Level 9.1 Spellcasting
 * Level 3.7 Conjurations
 - Level 10.1 Transmutations
 * Level 8.2 Ice Magic
 * Level 3.7 Air Magic
 - Level 3.2 Evocations


You had 4 spell levels left.
You knew the following spells:

 Your Spells              Type           Power      Damage    Failure   Level
a - Freezing Cloud        Conj/Ice/Air   12%        6-21      28%         5
b - Passwall              Tmut/Erth      20%        N/A       21%         2
c - Ozocubu's Armour      Ice            35%        N/A       14%         3
d - Ice Form              Ice/Tmut       39%        N/A       21%         4
f - Summon Ice Beast      Ice/Summ       21%        N/A       58%         4
g - Frozen Ramparts       Ice            70%        1d11      4%          3
z - Blade Hands           Tmut           21%        N/A       30%         5

Your spell library contained the following spells:

 Spells                   Type           Power      Damage    Failure   Level
 Conjure Ball Lightning   Conj/Air       10%        3x3d6     83%         6
 Freeze                   Ice            100%       1d10      2%          1
 Wereblood                Tmut           42%        N/A       9%          2
 Kindle Blastsparks       Fire/Tloc/Air  24%        2d12      19%         3
 Ensorcelled Hibernation  Hex/Ice        42%        N/A       24%         2
 Fulminant Prism          Conj/Hex       7%         3d7       34%         4
 Iskenderun's Mystic Bla  Conj/Tloc      14%        2d5       34%         4
 Swiftness                Air            20%        N/A       36%         3
 Slow                     Hex            28%        N/A       45%         1
 Sublimation of Blood     Necr           7%         N/A       54%         2
 Confusing Touch          Hex            7%         N/A       71%         3
 Vampiric Draining        Necr           7%         2d6       71%         3
 Animate Armour           Summ/Erth      14%        N/A       95%         4
 Lee's Rapid Deconstruct  Erth           3%         3d5*      78%         5
 Iron Shot                Conj/Erth      7%         9d2       95%         6
 Summon Hydra             Summ           3%         N/A       100%        7


Dungeon Overview and Level Annotations

Branches:
Dungeon (15/15)            Temple (1/1) D:4            Lair (0/5) D:9
    Orc (0/2) D:12
 Vaults: D:13-14     Depths: D:15

Altars:
Ashenzari
Cheibriados
Dithmenos
Elyvilon
Fedhas
Gozag
Hepliaklqana
Kikubaaqudgha
Makhleb
Nemelex Xobeh
Okawaru
Qazlal
Ru
Sif Muna
Trog
Uskayaw
Vehumet
Wu Jian
Xom
Yredelemnul
Zin
The Shining One

Annotations:
D:5 2 transporters, Menkaure
D:9 1 runed translucent door


Innate Abilities, Weirdness & Mutations

You have blades for hands.
Your spellcasting is less reliable in this form.
You are incapable of wielding weapons or throwing items.
You are too large for most types of armour.
You have tough skin. (AC +1)


Message History

You kill the efreet!
Vehumet accepts your kill. The efreet gestures at you.
The bolt of fire hits you!
* * * LOW HITPOINT WARNING * * *
Your Unarmed Combat skill increases to level 6!
Your hands revert to their normal proportions.
Your staff of cold unmelds from your body.
The efreet barely misses you.
Casting: Blade Hands (dangerous; 4% risk of failure)
Confirm with . or Enter, or press ? or * to list all spells.
Your hands turn into razor-sharp scythe blades.
Your staff of cold melds into your body.
The efreet hits you with a +4 scimitar of flaming!
* * * LOW HITPOINT WARNING * * *
The efreet burns you.
* * * LOW HITPOINT WARNING * * *
You feel much better.
The efreet hits you with a +4 scimitar of flaming!
* * * LOW HITPOINT WARNING * * *
The efreet burns you!
* * * LOW HITPOINT WARNING * * *
As you read the scroll of fear, it crumbles to dust.
You assume a fearsome visage.
The efreet resists with some effort.
The efreet gestures at you.
The fireball explodes!
The fireball engulfs you.
* * * LOW HITPOINT WARNING * * *
The fireball engulfs the efreet.
The efreet completely resists.
Okay, then.
A red film seems to cover your vision as you go berserk!
You feel yourself moving faster!
You feel mighty!
The efreet hits you with a +4 scimitar of flaming!
* * * LOW HITPOINT WARNING * * *
The efreet burns you.
* * * LOW HITPOINT WARNING * * *
You shred the efreet!!!
The efreet is almost dead.
The efreet gestures at you.
The fireball explodes!
The fireball engulfs you!!
You die...

### #### # #.########...## ##
#........)°...# #########
.########..####..## #...|....
#..#.=#......#..@.# ##..#..#.
.#.......######R### ##.#....
#..#..#......#....# #....###
.########..####.☼###.. ###....#<#
##......#)............##......#.#
#.......#.########..$######...#.#
........############## #.#...#.#
.....................# #.#.#.#.#
##'####...........#'#####.#.#.'..


You could see an efreet.

Vanquished Creatures
  Snorg (D:13)
  Josephine (D:13)
  5 boulder beetles
  2 two-headed ogres
  6 ugly things
  A cyclops (D:12)
  3 manticores
  Maurice (D:13)
  2 kobold demonologists (D:11)
  An unseen horror (D:12)
  Psyche (D:8)
  A hellion (D:13)
  3 efreet (D:13)
  5 slime creatures
  6 wyverns
  A vampire (D:13)
  17 yaks
  6 wraiths
  3 steam dragons
  9 vampire mosquitoes (D:12)
  4 acid dragons
  6 water moccasins
  An ice beast (D:7)
  7 orc warriors
  A swamp drake (D:12)
  2 ogres
  2 phantoms
  5 centaurs
  5 kobold brigands
  2 gnoll sergeants
  2 necrophages (D:6)
  A wyvern zombie (D:7)
  3 scorpions
  6 bullfrogs
  A water moccasin zombie (D:7)
  8 wights
  16 killer bees
  An electric eel (D:7)
  5 howler monkeys
  A crimson imp (D:5)
  A lava snake (D:9)
  A bullfrog zombie (D:7)
  4 hounds
  4 jellies
  9 orc priests
  A gnoll bouda (D:9)
  4 iguanas
  12 orc wizards
  A killer bee zombie (D:7)
  A howler monkey zombie (D:7)
  11 gnolls
  11 adders
  3 white imps
  An ufetubus (D:4)
  4 dart slugs
  43 orcs
  7 ball pythons
  8 endoplasms
  A giant cockroach (D:4)
  2 goblins
  6 hobgoblins
  6 quokkas
  8 bats
  3 frilled lizards
  9 kobolds
  4 rats
319 creatures vanquished.

Vanquished Creatures (collateral kills)
  Erica (D:8)
  A vampire mosquito (D:12)
  A killer bee (D:10)
3 creatures vanquished.

Vanquished Creatures (others)
  2 orcs (D:8)
  A bush (D:9)
  4 fungi
  17 plants (D:9)
  6 withered plants (D:7)
30 creatures vanquished.

Grand Total: 352 creatures vanquished

Notes
Turn   | Place    | Note
-------+----------+-------------------------------------------
     0 | D:1      | KennySheep the Ogre Wanderer began the quest for the Orb.
     0 | D:1      | KennySheep set off with the following items: a +3 dagger, a
                  | scroll of blinking, a potion of berserk rage, a +0 robe;
                  | and the following spell memorised: Freeze; and the
                  | following spells available to memorise: Ozocubu's Armour.
     0 | D:1      | Reached XP level 1. HP: 22/22 MP: 2/2
    93 | D:1      | Reached XP level 2. HP: 9/29 MP: 0/4
   523 | D:1      | Reached XP level 3. HP: 37/37 MP: 3/5
   941 | D:2      | Learned a level 3 spell: Ozocubu's Armour
  1092 | D:2      | Reached skill level 1 in Staves
  1301 | D:2      | Reached XP level 4. HP: 35/45 MP: 0/7
  1391 | D:2      | Reached skill level 1 in Dodging
  2657 | D:4      | Found a staircase to the Ecumenical Temple.
  2680 | Temple   | Entered the Ecumenical Temple
  2905 | Temple   | Became a worshipper of Vehumet
  2966 | D:4      | Reached XP level 5. HP: 54/54 MP: 5/8
  3176 | D:4      | Noticed an ogre
  3203 | D:4      | Killed an ogre
  3296 | D:4      | Noticed a phantom
  3430 | D:4      | Reached XP level 6. HP: 56/62 MP: 2/10
  3595 | D:4      | Learned a level 2 spell: Passwall
  3684 | D:5      | Entered Level 5 of the Dungeon
  3799 | D:5      | Found a transporter.
  3807 | D:5      | Found a transporter.
  3808 | D:5      | Noticed a troll
  3815 | D:5      | Found a basalt altar of Yredelemnul.
  3815 | D:5      | Found a snail-covered altar of Cheibriados.
  3816 | D:5      | Found a shimmering altar of Xom.
  3951 | D:5      | Reached XP level 7. HP: 68/71 MP: 5/12
  4178 | D:5      | Noticed Menkaure
  4343 | D:5      | Reached skill level 5 in Fighting
  4651 | D:6      | Noticed a steam dragon
  4665 | D:6      | Killed a steam dragon
  4840 | D:6      | Found a glowing silver altar of Zin.
  4888 | D:6      | Identified the ring of Refer {MP+9 Dex+6}
  4949 | D:6      | Reached XP level 8. HP: 83/83 MP: 14/14
  5126 | D:6      | Reached skill level 5 in Ice Magic
  5247 | D:7      | Noticed a wyvern
  5543 | D:6      | Reached skill level 5 in Spellcasting
  5971 | D:7      | Reached * piety under Vehumet
  5971 | D:7      | Offered knowledge of Magic Dart by Vehumet.
  6150 | D:6      | Reached XP level 9. HP: 93/93 MP: 17/17
  6653 | D:7      | Reached skill level 1 in Polearms
  7169 | D:8      | Noticed Psyche
  7257 | D:8      | Noticed Erica
  7258 | D:8      | Identified the +8 whip of Uskayaw's Approval {venom, Str+4
                  | Stlth+}
  7272 | D:8      | Reached ** piety under Vehumet
  7272 | D:8      | Offered knowledge of Searing Ray by Vehumet.
  7297 | D:8      | Killed Erica
  7326 | D:8      | Reached XP level 10. HP: 68/106 MP: 20/20
  7407 | D:8      | Reached skill level 5 in Dodging
  8041 | D:8      | Killed Psyche
  8342 | D:9      | Reached skill level 5 in Staves
  8372 | D:9      | Offered knowledge of Static Discharge by Vehumet.
  8378 | D:9      | Found a runed translucent door.
  8393 | D:9      | Noticed a boulder beetle
  8489 | D:9      | Found a broken altar of Ashenzari.
  8645 | D:9      | Reached *** piety under Vehumet
  8675 | D:8      | Reached skill level 1 in Unarmed Combat
  8675 | D:8      | Reached skill level 1 in Transmutations
  8681 | D:8      | Learned a level 5 spell: Blade Hands
  8917 | D:8      | Learned a level 4 spell: Ice Form
  8922 | D:8      | Learned a level 4 spell: Summon Ice Beast
  8926 | D:8      | Learned a level 3 spell: Frozen Ramparts
  8957 | D:9      | Offered knowledge of Sticky Flame by Vehumet.
  9053 | D:9      | Reached skill level 2 in Transmutations
  9121 | D:9      | Noticed a manticore
  9129 | D:9      | Reached XP level 11. HP: 104/117 MP: 22/22
  9141 | D:9      | Killed a manticore
  9142 | D:9      | Reached skill level 3 in Transmutations
  9230 | D:9      | Reached skill level 4 in Transmutations
  9286 | D:9      | Found a staircase to the Lair.
  9334 | D:9      | Reached skill level 5 in Transmutations
  9643 | D:9      | Noticed a green ugly thing
  9652 | D:9      | Killed a green ugly thing
  9658 | D:9      | Reached skill level 6 in Transmutations
  9914 | D:9      | Reached skill level 7 in Transmutations
  9921 | D:9      | Reached **** piety under Vehumet
 10147 | D:9      | Found a blossoming altar of Fedhas.
 10334 | D:10     | Entered Level 10 of the Dungeon
 10459 | D:10     | Found a bloodstained altar of Trog.
 10564 | D:10     | Identified the +0 cloak of the Fife {rPois Int+4 Dex-4}
 10794 | D:10     | Noticed a two-headed ogre
 10803 | D:10     | Killed a two-headed ogre
 10804 | D:10     | Reached skill level 8 in Transmutations
 10806 | D:10     | Offered knowledge of Freezing Cloud by Vehumet.
 11051 | D:10     | Noticed a boulder beetle
 11065 | D:10     | Killed a boulder beetle
 11074 | D:10     | Learned a level 5 spell: Freezing Cloud
 11311 | D:11     | Noticed a manticore
 11323 | D:11     | Killed a manticore
 11324 | D:11     | Reached XP level 12. HP: 100/126 MP: 24/24
 11388 | D:11     | Reached skill level 9 in Transmutations
 12328 | D:12     | Gained mutation: You are strong-willed. (Will+) [mutagenic
                  | glow]
 12335 | D:12     | Lost mutation: You are strong-willed. (Will+) [mutagenic
                  | glow]
 12480 | D:12     | Noticed a two-headed ogre
 12488 | D:12     | Killed a two-headed ogre
 12675 | D:12     | Noticed a boulder beetle
 12688 | D:12     | Killed a boulder beetle
 13098 | D:12     | Found a staircase to the Orcish Mines.
 13105 | D:12     | Reached ***** piety under Vehumet
 13114 | D:12     | Offered knowledge of Conjure Ball Lightning by Vehumet.
 13431 | D:13     | Reached skill level 10 in Transmutations
 13590 | D:13     | Reached skill level 5 in Unarmed Combat
 13645 | D:13     | Noticed Josephine
 13652 | D:13     | Killed Josephine
 13657 | D:13     | Reached skill level 1 in Conjurations
 13657 | D:13     | Reached skill level 1 in Air Magic
 13720 | D:13     | Noticed Snorg
 13728 | D:13     | Killed Snorg
 13731 | D:13     | You fall into a shaft and drop 1 floor!
 14188 | D:14     | Noticed a boulder beetle
 14201 | D:14     | Killed a boulder beetle
 14202 | D:14     | Reached XP level 13. HP: 116/132 MP: 26/26
 14234 | D:15     | Entered Level 15 of the Dungeon
 14503 | D:13     | Noticed Maurice
 14513 | D:13     | Killed Maurice
 14880 | D:13     | Found the +6 arbalest "Damnation" {damnation}
 14899 | D:13     | Killed from afar by an efreet

Illustrated notes

Levels and vault maps discovered:
D:1:      dpeg_arrival_fog, layout_rooms
D:2:      layout_loops_ring, minmay_pentomino_r4
D:3:      layout_loops_ring
D:4:      layout_basic, minmay_temple_entry_ruins
D:5:      layout_cave_pools, gammafunk_temple_overflow_arena,
          minmay_fire_ice_demons, uniq_menkaure, uniq_crazy_yiuf_cottage
D:6:      layout_rooms, mainiacjoe_overflow_brackets, kennysheep_dice
D:7:      layout_loops_ring, serial_undead, serial_undead_c, serial_undead_c,
          serial_undead_e, serial_undead_f, kennysheep_generic_room_6
D:8:      layout_loops_corners, skrybe_limestone_x, uniq_erica, uniq_psyche
D:9:      layout_loops_ring, fedhas_altar_3, ashenzari_conservatory_becter,
          minmay_lair_entry_grove, nicolae_lava_and_water, minmay_st_funbox,
          minmay_misc_feat_pillars, minivault_11, minmay_pinched_square
D:10:     layout_loops_cross, bloody_trog
D:11:     layout_layer_cave, serial_park_tiny_2
D:12:     layout_irregular_city, erik_orc_1
D:13:     layout_stronghold, serial_shops, nicolae_shop_overgrown_old_shop,
          hellmonk_guarded_unrand_damnation, uniq_snorg, uniq_josephine,
          uniq_maurice
D:14:     layout_grid_maze, david_vaults_4, serial_park_square3
          [serial_park_minivault_5x5_6]
D:15:     grunt_enter_depths_hoard, layout_gridville, minmay_misc_feat_hallway,
          hellmonk_guarded_unrand_gong
Temple:   nicolae_temple_bog_church

Skill      XL: |  1  2  3  4  5  6  7  8  9 10 11 12 13 |
---------------+----------------------------------------+-----
Ice Magic      | 2 3 4 5 6 7 8 |  8.2
Fighting       | 3 4 5 7 8 9 |  9.7
Staves         | 1 2 3 5 |  5.5
Spellcasting   | 2 3 4 5 6 7 8 9 |  9.1
Dodging        | 1 2 3 4 6 |  6.0
Polearms       | 1 |  1.1
Evocations     | 2 3 |  3.2
Unarmed Combat | 1 2 5 6 |  6.0
Transmutations | 2 8 10 | 10.1
Conjurations   | 2 3 |  3.7
Air Magic      | 2 3 |  3.7
Stealth        | |  2.9

Action                   |  1- 3 |  4- 6 |  7- 9 | 10-12 | 13-15 || total
-------------------------+-------+-------+-------+-------+-------++-------
Melee: Dagger            |    19 |       |       |       |       ||    19
       Staff             |    31 |    11 |   236 |    60 |     2 ||   340
       Punch             |       |       |     4 |     5 |     4 ||    13
       Lajatang          |       |       |    84 |    37 |       ||   121
       Whip              |       |       |     1 |       |       ||     1
       Unarmed           |       |       |       |   215 |    37 ||   252
 Cast: Freeze            |    39 |    82 |   183 |   240 |       ||   544
       Ozocubu's Armour  |       |     1 |     2 |    16 |     1 ||    20
       Ice Form          |       |       |       |     2 |       ||     2
       Blade Hands       |       |       |       |    29 |     5 ||    34
       Frozen Ramparts   |       |       |       |     9 |       ||     9
       Summon Ice Beast  |       |       |       |     4 |       ||     4
       Freezing Cloud    |       |       |       |     6 |     2 ||     8
Evoke: Wand              |       |     1 |       |     4 |       ||     5
  Use: Scroll            |       |    10 |     7 |     8 |     1 ||    26
       Potion            |       |     1 |     1 |     3 |     2 ||     7
 Stab: Sleeping          |     1 |       |       |     1 |       ||     2
       Paralysed         |       |     4 |       |       |       ||     4
       Confused          |       |       |       |     1 |       ||     1
Armor: Robe              |    37 |    41 |    72 |       |       ||   150
       Steam dragon scal |       |       |   213 |   371 |     9 ||   593
       Skin              |       |       |       |     6 |       ||     6
Dodge: Dodged            |    69 |    36 |   263 |   432 |    13 ||   813

Table legend: (Time is in decaauts)
 A = Elapsed time spent in this place.
 B = Non-inter-level travel time spent in this place.
 C = Inter-level travel time spent in this place.
 D = Time resting spent in this place.
 E = Time spent auto-exploring this place.
 F = Levels seen in this place.
 G = Mean time per level.
                   A        B        C        D        E       F      G
               +--------+--------+--------+--------+--------+-----+--------+
         Total |  14935 |  14376 |    559 |   1593 |   9539 |  16 |  933.4 |
       Dungeon |  14698 |  14139 |    559 |   1593 |   9347 |  15 |  979.9 |
        Temple |    236 |    236 |      0 |      0 |    192 |   1 |  236.0 |
               +--------+--------+--------+--------+--------+-----+--------+

Top non-repeatable levels by time:
     D:9: 1949 daAuts
     D:6: 1434 daAuts
     D:8: 1282 daAuts
    D:12: 1175 daAuts
     D:4: 1122 daAuts
     D:7: 1120 daAuts
    D:11: 1093 daAuts
     D:2: 968 daAuts
     D:5: 866 daAuts
     D:3: 858 daAuts
    D:13: 791 daAuts
    D:10: 716 daAuts
    D:14: 679 daAuts
     D:1: 637 daAuts
  Temple: 236 daAuts
